 Dungeon Crawl Stone Soup version 0.24-a0-102-g7635c99 (console) character file.

Game seed: 12023448847956829167

115 Duffy the Firebug (level 5, 29/31 HPs)
             Began as an Octopode Fire Elementalist on Feb 12, 2019.
             Quit the game on level 3 of the Dungeon.
             The game lasted 00:02:25 (2839 turns).

Duffy the Firebug (Octopode Fire Elementalist)      Turns: 2839, Time: 00:02:26

Health: 29/31      AC:  1    Str:  8    XL:     5   Next: 0%
Magic:  1/9        EV: 13    Int: 18    God:
Gold:   88         SH:  0    Dex: 12    Spells: 1/9 levels left

rFire    . . .     SeeInvis .   b - 4 rations
rCold    . . .     Gourm    .   (no shield)
rNeg     . . .     Faith    .   (helmet restricted)
rPois    .         Spirit   .   (no amulet)
rElec    .         Reflect  .   (no ring)
rCorr    .         Harm     .   (no ring)
MR       .....                  (no ring)
Stlth    +++.......             (no ring)
HPRegen  0.10/turn              (no ring)
MPRegen  0.11/turn              (no ring)
                                (no ring)
                                (no ring)

@: no status effects
A: almost no armour, stealthy swim, amphibious, 8 rings, constrict 8, camouflage
1, gelatinous body 1
a: no special abilities


You were on level 3 of the Dungeon.
You were not hungry.

You visited 1 branch of the dungeon, and saw 3 of its levels.

You collected 88 gold pieces.

Inventory:

Scrolls
 c - a scroll of teleportation {unknown}
 d - 2 scrolls of random uselessness {unknown}
 e - a scroll of remove curse {unknown}
 f - 2 scrolls of magic mapping {unknown}
 i - a scroll of amnesia {unknown}
 l - a scroll of fog {unknown}
Potions
 a - a potion of magic {unknown}
 g - 4 potions of curing {unknown}
 h - a potion of heal wounds {unknown}
 k - a potion of degeneration {unknown}
Comestibles
 b - 4 rations (in tentacle)
 j - a chunk of flesh


   Skills:
 - Level 2.0 Dodging
 - Level 2.6 Stealth
 + Level 2.7 Spellcasting
 + Level 3.5 Conjurations
 + Level 3.6 Fire Magic


You had one spell level left.
You knew the following spells:

 Your Spells              Type           Power        Failure   Level  Hunger
h - Flame Tongue          Conj/Fire      ###..        3%          1    #......
j - Sticky Flame          Conj/Fire      ###.....     36%         4    #####..
l - Conjure Flame         Conj/Fire      ###.....     12%         3    ###....

Your spell library contained the following spells:

 Spells                   Type           Power        Failure   Level  Hunger
 Throw Flame              Conj/Fire      ###...       6%          2    ##.....
 Inner Flame              Hex/Fire       #.......     24%         3    ###....
 Fireball                 Conj/Fire      ###.......   71%         5    ######.


Dungeon Overview and Level Annotations

Branches:
Dungeon (3/15)

Altars:
Xom


Innate Abilities, Weirdness & Mutations

You cannot wear most types of armour.
You are very stealthy in the water. (Stealth+)
You are amphibious.
You can wear up to eight rings at the same time.
You can use your tentacles to constrict eight enemies at once.
Your skin changes colour to match your surroundings (Stealth+).
Your rubbery body absorbs attacks. (AC +1, EV +1)


Message History

A bat comes into view.
The bat is too close now for your liking.
Cast which spell? (? or * to list)
Aiming: Flame Tongue (safe; 3% risk of failure)
Press: ? - help, Shift-Dir - straight line, f - bat
Aim: a bat The flame tongue misses the bat.
The bat closely misses you.
Cast which spell? (? or * to list)
Aiming: Flame Tongue (safe; 3% risk of failure)
Press: ? - help, Shift-Dir - straight line, f/p - bat
Aim: a bat The flame tongue misses the bat.
The bat misses you. The bat barely misses you.
Cast which spell? (? or * to list)
Aiming: Flame Tongue (safe; 3% risk of failure)
Press: ? - help, Shift-Dir - straight line, f/p - bat
Aim: a bat The flame tongue hits the bat.
The bat is heavily wounded.
The bat hits you. x2
Are you sure you want to abandon this character and quit the game? (Confirm with "yes".)

#.# #............. #.
#.###.###.##)#####
#.##.##...##.##.#
#.#..#.....#.##.#
#....%..#....##.#####
#.......#....##......
###...####..#########
#.......#...#
#..@#...#...#
###%#'###...#
.b#.....#.#
.#.#.#...#.#
..#####...#.# ..
#...#.# #.. ....#.#
.. +###...# .b.#..#


You could see a bat.

Vanquished Creatures
  5 adders
  2 worms (D:2)
  2 dart slugs
  3 leopard geckos
  An orc (D:2)
  A ball python (D:2)
  2 giant cockroaches
  6 goblins
  8 hobgoblins
  2 jackals (D:3)
  8 kobolds
  A quokka (D:2)
  7 bats
  3 frilled lizards
  7 rats
58 creatures vanquished.

Notes
Turn   | Place    | Note
-------+----------+-------------------------------------------
     0 | D:1      | Duffy the Octopode Fire Elementalist began the quest for
                  | the Orb.
     0 | D:1      | Reached XP level 1. HP: 11/11 MP: 3/3
   332 | D:1      | Reached XP level 2. HP: 13/17 MP: 1/5
   922 | D:1      | Reached XP level 3. HP: 21/21 MP: 3/6
   927 | D:1      | Learned a level 3 spell: Conjure Flame
  1619 | D:2      | Reached XP level 4. HP: 24/27 MP: 4/7
  2350 | D:2      | Found a shimmering altar of Xom.
  2760 | D:3      | Learned a level 4 spell: Sticky Flame
  2813 | D:3      | Reached XP level 5. HP: 30/31 MP: 1/9
  2839 | D:3      | Quit the game

Levels and vault maps discovered:
D:1:      tarquinn_simple_flora_water_d, layout_basic
D:2:      layout_basic, old_standard_altar, serial_forest,
          infiniplex_forest_straight_4, infiniplex_forest_lined_4_way,
          infiniplex_forest_straight_4, infiniplex_forest_clump_double,
          infiniplex_forest_lined_2, infiniplex_forest_zigzag_1, minmay_3d_cube
D:3:      layout_loops_ring, nicolae_overflow_hidden_temple,
          gammafunk_ghost_arena, hangedman_ru_absence, uniq_grinder

Skill      XL: |  1  2  3 |
---------------+----------+-----
Conjurations   | 2 3 |  3.5
Dodging        | |  2.0
Stealth        | |  2.6
Spellcasting   | |  2.7
Fire Magic     | |  3.6

Action                   |  1- 3 |  4- 6 || total
-------------------------+-------+-------++-------
 Cast: Flame Tongue      |    60 |    52 ||   112
  Eat: Chunk             |     3 |     4 ||     7
Armor: Skin              |     9 |       ||     9
Dodge: Dodged            |    33 |    12 ||    45

Table legend:
 A = Non-vault XP
 B = Vault XP
 C = Vault XP percentage of total XP
 D = Non-vault monster count
 E = Vault monster count
 F = Vault count percentage of total count
                 A         B        C        D         E       F
            +---------+---------+-------+---------+---------+-------
      Total |     143 |      22 |  13.3 |      53 |       5 |   8.6
            +---------+---------+-------+---------+---------+-------
        D:1 |      36 |       0 |   0.0 |      20 |       0 |   0.0
        D:2 |      67 |      22 |  24.7 |      20 |       5 |  20.0
        D:3 |      40 |       0 |   0.0 |      13 |       0 |   0.0
            +---------+---------+-------+---------+---------+-------
